[ AOE2 MATCH · #506644135 ]
UnrankedIncas vs Dravidians
Player's team · LOSS
[ REPLAY ANALYSIS · EXTRACTED FROM THE RECORDED GAME ]
Feudal
9:44
Castle
—
Imperial
—
| APM avg | 52.4 |
| APM peak | 79 |
| eAPM avg | 25.1 |
| Villagers / military | 40 / 5 |
Focus
⚔️ 32.8% · 🌾 67.2%
Unknown (2550) ×10 · Skirmisher ×4 · Archer ×1
Feudal
9:16
Castle
—
Imperial
—
| APM avg | 78.0 |
| APM peak | 153 |
| eAPM avg | 37.9 |
| Villagers / military | 32 / 16 |
Focus
⚔️ 58.1% · 🌾 41.9%
Archer ×10 · Militia ×4 · Skirmisher ×2
Match map
Initial resources + every placement click. Lines = walls · curves = elevation contours. ◆ gold · ⬟ stone · ● berries · ✦ relic · ◌ wall gap
Your base· Open — 4t gap
twitch.tv/s0laf1d3's base· Open — 1t gap
Smoothed initial terrain · ◌ = detected wall gap · hover for details
Inputs per minute
— Nicholai - - twitch.tv/s0laf1d3
Build order — Nicholai
75 actions detected in the replay
| 0:00 | Queue | Villager (Male) ×4 |
| 0:00 | Queue | Villager (Male) ×4 |
| 0:02 | Build | House |
| 0:02 | Build | House |
| 1:29 | Queue | Villager (Male) |
| 1:45 | Build | Settlement |
| 1:58 | Queue | Villager (Male) |
| 2:25 | Queue | Villager (Male) |
| 2:39 | Queue | Villager (Male) |
| 2:39 | Queue | Villager (Male) |
| 3:07 | Queue | Villager (Male) |
| 3:08 | Queue | Villager (Male) |
| 3:37 | Queue | Villager (Male) |
| 4:01 | Queue | Villager (Male) |
| 4:05 | Queue | Villager (Male) |
| 4:30 | Queue | Villager (Male) |
| 5:19 | Build | Barracks |
| 5:21 | Queue | Villager (Male) |
| 5:44 | Queue | Villager (Male) |
| 6:12 | Queue | Unit 2550 |
| 6:12 | Queue | Unit 2550 |
| 6:14 | Queue | Villager (Male) |
| 6:40 | Queue | Villager (Male) |
| 6:42 | Queue | Unit 2550 |
| 7:09 | Queue | Villager (Male) |
| 7:22 | Research | Feudal Age |
| 7:22 | Research | Feudal Age |
| 7:23 | Research | Loom |
| 7:29 | Build | Palisade Wall |
| 7:32 | Build | Palisade Wall |
| 7:37 | Build | Palisade Wall |
| 7:39 | Build | Palisade Wall |
| 7:55 | Build | Settlement |
| 8:21 | Queue | Villager (Male) |
| 8:34 | Queue | Villager (Male) |
| 9:05 | Queue | Villager (Male) |
| 9:17 | Build | Outpost |
| 9:32 | Queue | Villager (Male) |
| 9:43 | Build | Palisade Wall |
| 9:44 | Age | Feudal Age |
| 9:45 | Build | Palisade Wall |
| 9:51 | Build | Archery Range |
| 10:05 | Queue | Unit 2550 |
| 10:09 | Queue | Villager (Male) |
| 10:52 | Queue | Archer |
| 11:02 | Queue | Villager (Male) |
| 11:02 | Queue | Villager (Male) |
| 11:09 | Queue | Villager (Male) |
| 11:24 | Queue | Villager (Male) |
| 11:53 | Queue | Unit 2550 |
| 11:56 | Build | House |
| 11:57 | Queue | Villager (Male) |
| 12:00 | Queue | Villager (Male) |
| 12:48 | Queue | Unit 2550 |
| 13:04 | Queue | Villager (Male) |
| 13:08 | Queue | Unit 2550 |
| 13:13 | Queue | Unit 2550 |
| 13:17 | Build | Settlement |
| 13:46 | Queue | Skirmisher |
| 13:46 | Queue | Skirmisher |
| 14:02 | Research | Double-Bit Axe |
| 14:25 | Queue | Villager (Male) |
| 14:28 | Build | Blacksmith |
| 14:34 | Queue | Skirmisher |
| 14:35 | Queue | Unit 2550 |
| 14:36 | Queue | Villager (Male) |
| 14:44 | Build | Farm |
| 14:45 | Build | Farm |
| 14:49 | Queue | Villager (Male) |
| 15:10 | Research | Fletching |
| 15:26 | Build | Farm |
| 15:27 | Build | Farm |
| 15:39 | Queue | Villager (Male) |
| 15:42 | Queue | Unit 2550 |
| 15:42 | Queue | Skirmisher |
Build order — twitch.tv/s0laf1d3
83 actions detected in the replay
| 0:00 | Queue | Villager (Male) ×4 |
| 0:02 | Build | House |
| 0:03 | Build | House |
| 1:25 | Queue | Villager (Male) |
| 1:48 | Build | Lumber Camp |
| 1:48 | Queue | Villager (Male) |
| 2:14 | Queue | Villager (Male) |
| 2:27 | Queue | Villager (Male) |
| 2:53 | Queue | Villager (Male) |
| 3:37 | Build | House |
| 3:40 | Build | House |
| 3:45 | Queue | Villager (Male) |
| 3:45 | Queue | Villager (Male) |
| 4:12 | Queue | Villager (Male) |
| 4:28 | Queue | Villager (Male) |
| 5:14 | Queue | Villager (Male) |
| 5:19 | Build | Barracks |
| 5:48 | Queue | Villager (Male) |
| 6:12 | Queue | Villager (Male) |
| 6:36 | Research | Loom |
| 6:51 | Research | Feudal Age |
| 6:51 | Research | Feudal Age |
| 6:56 | Build | Mining Camp |
| 7:07 | Queue | Militia |
| 7:07 | Queue | Militia |
| 7:30 | Build | Palisade Wall |
| 7:31 | Build | Palisade Wall |
| 7:41 | Build | Palisade Wall |
| 7:51 | Queue | Militia |
| 7:52 | Queue | Militia |
| 8:14 | Queue | Villager (Male) |
| 8:23 | Build | House |
| 8:36 | Build | House |
| 9:16 | Age | Feudal Age |
| 9:21 | Build | Archery Range |
| 9:27 | Build | Blacksmith |
| 9:30 | Research | Double-Bit Axe |
| 9:30 | Research | Double-Bit Axe |
| 9:31 | Queue | Villager (Male) |
| 9:38 | Research | Man-at-Arms (upgrade) |
| 9:38 | Research | Man-at-Arms (upgrade) |
| 9:56 | Queue | Villager (Male) |
| 10:34 | Queue | Archer |
| 10:36 | Queue | Villager (Male) |
| 10:45 | Build | Mill |
| 10:46 | Queue | Archer |
| 10:53 | Queue | Archer |
| 11:03 | Queue | Archer |
| 11:05 | Queue | Villager (Male) |
| 11:37 | Queue | Villager (Male) |
| 11:48 | Queue | Archer |
| 11:57 | Build | Archery Range |
| 12:00 | Queue | Villager (Male) |
| 12:21 | Build | House |
| 12:23 | Research | Fletching |
| 12:31 | Queue | Archer |
| 12:43 | Build | Watch Tower |
| 12:45 | Queue | Archer |
| 12:48 | Queue | Villager (Male) |
| 12:54 | Queue | Archer |
| 13:07 | Queue | Skirmisher |
| 13:08 | Queue | Skirmisher |
| 13:10 | Queue | Villager (Male) |
| 13:16 | Build | Farm |
| 13:17 | Build | Farm |
| 13:19 | Build | Farm |
| 13:34 | Queue | Archer |
| 13:41 | Build | House |
| 13:41 | Queue | Villager (Male) |
| 13:50 | Build | Farm |
| 13:51 | Build | Farm |
| 13:59 | Queue | Villager (Male) |
| 14:13 | Research | Padded Archer Armor |
| 14:14 | Research | Padded Archer Armor |
| 14:24 | Build | House |
| 14:31 | Queue | Villager (Male) |
| 14:37 | Build | Farm |
| 14:38 | Build | Farm |
| 14:39 | Queue | Villager (Male) |
| 15:18 | Queue | Archer |
| 15:19 | Queue | Villager (Male) |
| 15:25 | Queue | Villager (Male) |
| 15:46 | Queue | Villager (Male) |
Match timeline
| 5:19 | twitch.tv/s0laf1d3 · first_building Barracks |
| 5:19 | Nicholai · first_building Barracks |
| 7:29 | Nicholai · wall_segment Palisade Wall x1 |
| 7:30 | twitch.tv/s0laf1d3 · wall_segment Palisade Wall x1 |
| 7:31 | twitch.tv/s0laf1d3 · wall_segment Palisade Wall x1 |
| 7:32 | Nicholai · wall_segment Palisade Wall x1 |
| 7:37 | Nicholai · wall_segment Palisade Wall x1 |
| 7:39 | Nicholai · wall_segment Palisade Wall x1 |
| 7:41 | twitch.tv/s0laf1d3 · wall_segment Palisade Wall x1 |
| 9:16 | twitch.tv/s0laf1d3 · age_up feudal |
| 9:21 | twitch.tv/s0laf1d3 · first_building Archery Range |
| 9:43 | Nicholai · wall_segment Palisade Wall x1 |
| 9:44 | Nicholai · age_up feudal |
| 9:45 | Nicholai · wall_segment Palisade Wall x1 |
| 9:51 | Nicholai · first_building Archery Range |
| 15:59 | Nicholai · resign |
[ AI ANALYSIS · 1 CREDIT ]
What really happened in this match?
Wolo.gg analyzes every decision: build order, eco, micro, common mistakes by bracket. Personalized analysis on WhatsApp or Discord in 30 seconds.
Civ guide
Incas
Perfil
Nicholai